 Dungeon Crawl Stone Soup version 0.29-a0-813-g4a14ea37d6 (webtiles) character file.

Game seed: 4638113105950276162

1572 croobank the Sneak (level 8, -1/46 HPs)
             Began as an Octopode Fire Elementalist on July 4, 2022.
             Was an Initiate of Gozag.
             Slain by a human
             ... wielding a +0 vorpal hand axe
              (6 damage)
             ... in a bailey.
             The game lasted 00:16:51 (7186 turns).

croobank the Sneak (Octopode Fire Elementalist)     Turns: 7186, Time: 00:17:11

Health: -1/46      AC:  1    Str:  7    XL:     8   Next: 90%
Magic:  0/15       EV: 18    Int: 25    God:    Gozag
Gold:   443        SH:  3    Dex: 15    Spells: 3/16 levels left

rFire   + . .      SeeInvis .   a - +7 war axe of Springtime {speed, *Noise Will+ Dex+2}
rCold   . . .      Faith    .   J - +0 buckler
rNeg    . . .      Spirit   +   (helmet restricted)
rPois   .          Reflect  .   l - amulet of guardian spirit
rElec   .          Harm     .   r - ring of protection from fire
rCorr   .          Rampage  .   p - +4 ring of evasion
Will    +....                   I - +6 ring of intelligence
Stlth   +++++.....              (no ring)
HPRegen 0.15/turn               (no ring)
MPRegen 0.14/turn               (no ring)
                                (no ring)
                                (no ring)

@: no status effects
A: almost no armour, amphibious, 8 rings, camouflage 1, gelatinous body 1,
(nimble swimmer 1), tentacles
a: Renounce Religion, Potion Petition, Call Merchant, Bribe Branch


You were in a bailey.
You worshipped Gozag.
Gozag was aware of your devotion.
You visited 2 branches of the dungeon, and saw 8 of its levels.
You also visited: Sewer and Bailey.

You collected 491 gold pieces.
You paid 48 gold pieces to Gozag.

Inventory:

Hand Weapons
 a - the +7 war axe of Springtime (weapon) {speed, *Noise Will+ Dex+2}
   (You found it on level 4 of the Dungeon)

   Attacks with this weapon are significantly faster.
   Dex:       It affects your dexterity (+2).
   *Noise:    It may make noises in combat.
   Will:      It increases your willpower.
 b - a +0 sling
 c - a +2 dagger of speed
 d - a +0 short sword
 f - a +0 hand axe
 j - a +0 short sword of venom
 k - a +0 falchion
 z - a +0 flail
 A - a +0 war axe
 D - a +1 dagger of holy wrath
 E - a +1 hand axe of flaming
 F - a +2 hand axe of distortion
 H - a +0 long sword
 N - a +0 great mace
Missiles
 h - 4 javelins
 t - 67 stones
 C - 6 poisoned darts
 K - 5 boomerangs of dispersal
Armour
 J - a +0 buckler (worn)
Magical Staves
 y - a staff of earth
Jewellery
 l - an amulet of guardian spirit (around mantle)
 n - a ring of fire
 p - a +4 ring of evasion (right tentacle)
 r - a ring of protection from fire (left tentacle)
 I - a +6 ring of intelligence (on tentacle)
 L - a +4 ring of evasion
Wands
 w - a wand of quicksilver (13)
 G - a wand of paralysis (5)
Scrolls
 x - a scroll of fear
Potions
 e - 2 potions of flight
 g - 2 potions of curing
 i - a potion of might
 m - 2 potions of lignification
 o - 5 potions of attraction
 q - 2 potions of resistance {unknown}
 s - a potion of invisibility
 u - 2 potions of heal wounds
 v - a potion of magic


   Skills:
 + Level 5.1 Dodging
 + Level 7.5 Stealth
 + Level 4.8 Spellcasting
 + Level 4.7 Conjurations
 + Level 5.7 Fire Magic


You had 3 spell levels left.
You knew the following spells:

 Your Spells              Type           Power      Damage    Failure   Level
a - Foxfire               Conj/Fire      100%       2x1d9     1%          1
b - Scorch                Fire           68%        2d8       1%          2
c - Mephitic Cloud        Conj/Pois/Air  13%        N/A       19%         3
d - Ignite Poison         Fire/Tmut/Pois 15%        N/A       16%         3
e - Flame Wave            Conj/Fire      32%        2d8       13%         4

Your spell library contained the following spells:

 Spells                   Type           Power      Damage    Failure   Level
 Conjure Flame            Conj/Fire      32%        6-21      4%          3
 Inner Flame              Hex/Fire       20%        N/A       11%         3
 Slow                     Hex            24%        N/A       12%         1
 Blink                    Tloc           12%        N/A       17%         2
 Confusing Touch          Hex            6%         N/A       34%         3
 Frozen Ramparts          Ice            12%        1d3       34%         3
 Vampiric Draining        Necr           6%         2d6       34%         3
 Fireball                 Conj/Fire      16%        3d8       36%         5
 Iskenderun's Battlesphe  Conj           29%        2d8       41%         5
 Ice Form                 Ice/Tmut       6%         N/A       75%         4
 Petrify                  Tmut/Erth      6%         N/A       75%         4
 Summon Ice Beast         Ice/Summ       6%         N/A       75%         4
 Freezing Cloud           Conj/Ice/Air   6%         6-21      86%         5
 Manifold Assault         Tloc           6%         N/A       97%         5
 Conjure Ball Lightning   Conj/Air       8%         3x3d6     100%        6
 Eringya's Noxious Bog    Tmut/Pois      3%         N/A       100%        6
 Orb of Destruction       Conj           14%        9d7       100%        7
 Storm Form               Tmut/Air       3%         N/A       100%        7


Dungeon Overview and Level Annotations

Branches:
Dungeon (7/15)             Temple (1/1) D:4           Sewer (visited)
 Bailey (1/1)

Altars:
Cheibriados
Elyvilon
Gozag
Kikubaaqudgha
Uskayaw
Vehumet
Xom
The Shining One

Annotations:
D:6 2 transporters, dolemite99's ghost, novice MiFi


Innate Abilities, Weirdness & Mutations

You cannot wear most types of armour.
You are amphibious.
You can wear up to eight rings at the same time.
Your skin changes colour to match your surroundings (Stealth+).
Your rubbery body absorbs attacks. (AC +1, EV +1)
((You are camouflaged when in or above water. (Stealth+)))
You have tentacles for arms and can constrict up to eight enemies at once.


Message History

You conjure some foxfire!
Casting: Foxfire (safe; 1% risk of failure)
Confirm with . or Enter, or press ? or * to list all spells.
Flames lash the human.
The human is lightly wounded.
The human's fire resistance burns away.
You hear a shout!
The foxfire hits the human but does no damage.
The human is lightly wounded.
The foxfire hits the human but does no damage.
The human is lightly wounded.
You closely miss the human. You grab the human. You tentacle-slap the human.
Your squeeze misses the human.
The human is moderately wounded.
You constrict the human, but do no damage.
The human closely misses you.
You completely miss the human.
The human is moderately wounded.
You constrict the human.
The human hits you with a +0 vorpal hand axe.
You slash the human!
The human is heavily wounded.
You constrict the human, but do no damage.
The human closely misses you.
Your magical contamination has completely faded away.
You barely miss the human. You squeeze the human.
The human is severely wounded.
You constrict the human.
The human is no longer more vulnerable to fire.
The human hits you with a +0 vorpal hand axe!
* * * LOW HITPOINT WARNING * * *
x2
Casting: Scorch (safe; 1% risk of failure)
Confirm with . or Enter, or press ? or * to list all spells.
Flames lash the human.
The human is almost dead.
The human's fire resistance burns away.
You constrict the human.
You hear a shout!
The human hits you with a +0 vorpal hand axe.
You die...
Your body crumbles into a pile of gold.

## .######
##### ....p.#
##...##$.....#
#..∩..'$...#
#.....######
#..∩p.+
##..@## #####


You could see a human (combustible).

Vanquished Creatures
  3 humans (Bailey)
  An ice beast (D:5)
  An ogre (D:4)
  A phantom (D:4)
  2 bullfrogs
  2 scorpions
  A howler monkey (D:6)
  3 hounds
  3 orc priests
  2 jellies
  An iguana (D:4)
  An orc wizard (D:4)
  Terence (D:3)
  Robin (D:4)
  7 gnolls
  10 adders
  A river rat (D:4)
  A white imp (D:6)
  4 worms
  A dart slug (D:2)
  15 orcs
  6 endoplasms
  13 giant cockroaches
  14 goblins
  6 hobgoblins
  6 kobolds
  9 quokkas
  7 ball pythons
  5 bats
  7 frilled lizards
  4 rats
139 creatures vanquished.

Vanquished Creatures (others)
  241 foxfires
  17 plants (D:2)
258 creatures vanquished.

Grand Total: 397 creatures vanquished

Notes
Turn   | Place    | Note
-------+----------+-------------------------------------------
     0 | D:1      | croobank the Octopode Fire Elementalist began the quest for
                  | the Orb.
     0 | D:1      | Reached XP level 1. HP: 11/11 MP: 3/3
   223 | D:1      | Got the Incunable of the Arenous Figure
   331 | D:1      | Reached XP level 2. HP: 17/17 MP: 0/5
   380 | D:1      | Learned a level 2 spell: Scorch
   455 | D:1      | Reached skill level 3 in Stealth
  1056 | D:2      | Reached XP level 3. HP: 16/21 MP: 6/6
  1146 | D:2      | Found a faded altar of an unknown god.
  1584 | D:2      | Found a shimmering altar of Xom.
  2390 | D:3      | Learned a level 3 spell: Mephitic Cloud
  2395 | D:3      | Reached XP level 4. HP: 27/27 MP: 4/7
  2504 | D:3      | Noticed Terence
  2514 | D:3      | Killed Terence
  3056 | D:3      | Reached skill level 4 in Stealth
  3309 | D:4      | Reached XP level 5. HP: 31/31 MP: 5/9
  3313 | D:4      | Identified the +7 war axe of Springtime {speed, *Noise
                  | Will+ Dex+2}
  3366 | D:4      | Found a glowing drain.
  3375 | Sewer    | Entered a sewer
  3720 | Sewer    | Reached XP level 6. HP: 32/36 MP: 6/10
  3753 | Sewer    | Learned a level 3 spell: Ignite Poison
  4113 | D:4      | Reached skill level 5 in Stealth
  4360 | D:4      | Reached XP level 7. HP: 31/41 MP: 3/12
  4479 | D:4      | Learned a level 4 spell: Flame Wave
  4625 | D:4      | Identified the +4 helmet of Eternity {rElec}
  4625 | D:4      | Noticed Robin
  4635 | D:4      | Killed Robin
  4766 | D:4      | Found a staircase to the Ecumenical Temple.
  4776 | Temple   | Entered the Ecumenical Temple
  4783 | Temple   | Became a worshipper of Gozag Ym Sagoz the Greedy
  5336 | D:5      | Entered Level 5 of the Dungeon
  5405 | D:5      | Reached skill level 6 in Stealth
  5678 | D:5      | Reached XP level 8. HP: 40/46 MP: 5/14
  5868 | D:5      | Reached skill level 5 in Fire Magic
  6166 | D:5      | Identified the +2 leather armour of Space {rN+++ Int-2}
  6275 | D:6      | Found a transporter.
  6288 | D:6      | Found a transporter.
  6295 | D:6      | Noticed dolemite99's ghost (novice MiFi)
  6619 | D:6      | Identified the +8 chain mail of Ketet {Str+6}
  7062 | D:7      | Found a flagged portal.
  7087 | Bailey   | Entered a bailey
  7132 | Bailey   | Reached skill level 7 in Stealth
  7143 | Bailey   | Reached skill level 5 in Dodging
  7186 | Bailey   | Slain by a human

Illustrated notes

Levels and vault maps discovered:
D:1:      dpeg_arrival_rhombi, layout_basic
D:2:      layout_loops_ring, basic_altar, ebering_ecumenical_altar_hall,
          minmay_door_square, serial_bayou_lake_a
D:3:      layout_loops_corners, grunt_decor_mini_mirrors, uniq_terence
D:4:      layout_loops_ring, minmay_temple_entry_antechambers,
          gup_sewer_entry_spiral, hangedman_abyss_or_decor_passed, uniq_robin
D:5:      layout_loops_ring
D:6:      layout_gridville, gammafunk_ghost_stat_death
D:7:      minmay_thinvault, layout_basic, enter_bailey_1,
          kennysheep_generic_room_2
Temple:   hellmonk_temple_of_storms
Bailey:   bailey_axe_froggy_fort_hellmonk, bailey

Skill      XL: |  1  2  3  4  5  6  7  8 |
---------------+-------------------------+-----
Stealth        | 3 4 5 6 7 |  7.5
Conjurations   | 2 3 4 |  4.7
Dodging        | 3 4 5 |  5.1
Spellcasting   | 3 4 |  4.8
Fire Magic     | 4 5 |  5.7

Action                   |  1- 3 |  4- 6 |  7- 9 || total
-------------------------+-------+-------+-------++-------
Melee: Short sword       |    18 |     5 |       ||    23
       Constrict         |     2 |     6 |    14 ||    22
       Tentacles         |     1 |     3 |    13 ||    17
       War axe           |       |    25 |    36 ||    61
       Punch             |       |     1 |     1 ||     2
       Dagger            |       |       |    11 ||    11
 Cast: Foxfire           |    29 |    62 |    48 ||   139
       Scorch            |     7 |    13 |    31 ||    51
       Mephitic Cloud    |       |     1 |       ||     1
  Use: Scroll            |     1 |     8 |     6 ||    15
       Potion            |       |       |     2 ||     2
 Stab: Sleeping          |     3 |     2 |     2 ||     7
       Distracted        |     2 |       |       ||     2
Armor: Skin              |     1 |       |     1 ||     2
Dodge: Dodged            |    13 |    14 |    32 ||    59
Block: Buckler           |       |       |     2 ||     2

Table legend: (Time is in decaauts)
 A = Elapsed time spent in this place.
 B = Non-inter-level travel time spent in this place.
 C = Inter-level travel time spent in this place.
 D = Time resting spent in this place.
 E = Time spent auto-exploring this place.
 F = Levels seen in this place.
 G = Mean time per level.
                   A        B        C        D        E       F      G
               +--------+--------+--------+--------+--------+-----+--------+
         Total |   7178 |   6856 |    322 |    952 |   4757 |  10 |  717.8 |
       Dungeon |   6549 |   6234 |    315 |    816 |   4488 |   7 |  935.6 |
        Temple |     14 |      7 |      7 |      0 |      0 |   1 |   14.0 |
         Sewer |    515 |    515 |      0 |     69 |    269 |   1 |  515.0 |
        Bailey |     99 |     99 |      0 |     67 |      0 |   1 |   99.0 |
               +--------+--------+--------+--------+--------+-----+--------+

Top non-repeatable levels by time:
     D:4: 1532 daAuts
     D:3: 1214 daAuts
     D:2: 1115 daAuts
     D:1: 941 daAuts
     D:5: 882 daAuts
     D:6: 757 daAuts
   Sewer: 515 daAuts
     D:7: 104 daAuts
  Bailey: 99 daAuts
  Temple: 14 daAuts
